AoeStats
← Cinnamoroll

African Clearing

506287536Analyzed
4v4 RM · 20d ago on Sep 13, 2026· 32m 51s· 8 players
Game mode
Random Map
Map size
Large (8 player)
Population
200
Speed
Normal
Resources
Standard
Victory
Conquest
Starting age
Dark Age
Ending age
Imperial Age
RankedLock teamsTeams togetherTeam positionsShared explorationLock speedFull tech treeHidden civsTurbo modeCheats
Victory
Defeat
🇨🇦 Spanish · Canada
1602
+11
🇲🇽 Georgians · Mexico
1491
+16
🇲🇽 Huns · Mexico
1464
+17
🇺🇸 Persians · United States
1419
+19
🇦🇷 Cumans · Argentina
1568
-19
🇹🇼 Khitans · Taiwan
1526
-17
🇨🇳 Khmer · China
1435
-14
🇦🇷 Spanish · Argentina
1431
-13
EL MAYA
4:49 Loom
14:35 Feudal Age
18:37 Castle Age
16:55 Scale Barding Armor
17:37 Gold Mining
20:32 Fletching
21:30 Husbandry
21:42 Forging
25:16 Chain Barding Armor
30:00 Iron Casting
30:39 Double-Bit Axe
32:16 Wheelbarrow
Cinnamoroll
13:22 Loom
15:28 Feudal Age
19:03 Castle Age
16:54 Double-Bit Axe
17:16 Fishing Lines
17:32 Horse Collar
19:58 Bow Saw
19:50 Heavy Plow
19:44 Gillnets
21:33 Sanctity
21:26 Fervor
21:37 Husbandry
22:31 Bloodlines
22:32 Gold Mining
28:38 Wheelbarrow
28:37 Redemption
28:24 Town Watch
31:16 Stone Mining
ila
5:25 Loom
13:38 Feudal Age
14:53 Double-Bit Axe
17:07 Fishing Lines
20:53 Castle Age
21:48 Bow Saw
21:34 Gold Mining
22:13 Gillnets
22:28 Stone Mining
24:31 Wheelbarrow
23:41 Town Watch
24:47 Scale Barding Armor
25:04 Horse Collar
28:36 Chain Barding Armor
28:49 Husbandry
30:52 Forging
30:54 Bloodlines
31:24 Gold Shaft Mining
31:29 Stone Shaft Mining
32:45 Iron Casting
32:47 Fletching
33:14 Heavy Plow
Walmart
3:42 Loom
11:26 Feudal Age
12:08 Double-Bit Axe
18:59 Fletching
19:53 Padded Archer Armor
23:49 Wheelbarrow
26:56 Castle Age
25:52 Scale Barding Armor
26:02 Bloodlines
27:10 Horse Collar
27:21 Gold Mining
29:09 Husbandry
29:46 Forging
31:53 Bodkin Arrow
INDIO
8:06 Loom
10:27 Feudal Age
11:10 Double-Bit Axe
20:41 Castle Age
19:10 Scale Barding Armor
19:53 Wheelbarrow
20:58 Bloodlines
21:53 Chain Barding Armor
23:37 Forging
28:58 Devotion
29:36 Light Cavalry
30:54 Fletching
31:01 Town Watch
GGboy
13:48 Feudal Age
17:17 Castle Age
15:28 Double-Bit Axe
16:55 Loom
17:27 Horse Collar
19:09 Bow Saw
20:30 Heavy Plow
22:24 Wheelbarrow
22:15 Town Watch
25:41 Gold Mining
26:44 Hand Cart
27:21 Gold Shaft Mining
27:05 Stone Mining
31:45 Imperial Age
33:21 Bloodlines
32:37 Light Cavalry
alumin
4:47 Loom
12:39 Feudal Age
13:35 Double-Bit Axe
14:54 Domestication
19:10 Fletching
22:19 Padded Archer Armor
30:15 Castle Age
29:25 Gold Mining
30:40 Elite Skirmisher
31:26 Bodkin Arrow
MuyFloji
10:23 Loom
15:25 Feudal Age
16:21 Double-Bit Axe
18:56 Castle Age
22:34 Wheelbarrow
21:46 Town Watch
23:29 Gold Mining
30:06 Fletching
Connection lost

Rejoining the realm…

Still unreachable

The connection could not be restored.

Session expired

The server has moved on; the page needs a fresh start.